[Event "TCEC Season 22 - Qualification League"]
[Site "https://tcec-chess.com"]
[Date "2022.01.30"]
[Round "4.6"]
[White "ChessFighter 3.10.1"]
[Black "Bagatur 3.2-fix"]
[Result "1-0"]
[ECO "B90"]
[WhiteElo "3242"]
[BlackElo "3095"]
[Annotator "NA"]
[PlyCount "260"]
[EventDate "2022.??.??"]
[SourceTitle "playchess.com"]
[Source "ChessBase"]
[SourceQuality "1"]
[TimeControl "1800+5"]

1. e4 c5 2. Nf3 d6 3. Nc3 Nf6 4. d4 cxd4 5. Nxd4 a6 6. Be3 e5 7. Nf3 Qc7 8. a4 Be6 9. Ng5 Bg4 10. f3 Bc8 11. a5 h6 12. Bb6 Qe7 13. Nh3 Bxh3 14. gxh3 Nbd7 15. Be3 Rc8 16. Qd2 d5 17. Nxd5 Nxd5 18. exd5 Qh4+ 19. Bf2 Qh5 20. O-O-O Qxf3 21. Rg1 Bc5 22. Bxc5 Nxc5 23. Kb1 O-O 24. Be2 Qf6 25. Rg4 Kh7 26. d6 e4 27. Qd5 Rc6 28. Bc4 g6 29. b3 Qc3 30. Rg3 Na4 31. Qd4 Rxd6 32. Rxc3 Rxd4 33. Rxd4 Nxc3+ 34. Kb2 Nb5 35. Bxb5 axb5 36. Rxe4 Kg7 37. Re7 Rb8 38. Re5 Rd8 39. Re7 Rb8 40. Rc7 b4 41. Rc4 Re8 42. Rxb4 Re7 43. Ra4 f5 44. b4 f4 45. b5 f3 46. Ra1 f2 47. Rf1 Rf7 48. Kc3 Rf4 49. Kb3 Kf6 50. a6 bxa6 51. bxa6 Ke6 52. a7 Rf8 53. Rxf2 Ra8 54. Re2+ Kd6 55. Rd2+ Kc6 56. Rf2 Rxa7 57. Rf6+ Kd5 58. Rxg6 Rb7+ 59. Kc3 Rh7 60. h4 h5 61. Rg5+ Kc6 62. Kb4 Rh6 63. c4 Kb6 64. Ra5 Kb7 65. Rb5+ Kc7 66. Rc5+ Kb6 67. Ra5 Kb7 68. Kb3 Kb6 69. Rf5 Kc6 70. Kb4 Kb6 71. Rc5 Kb7 72. Kc3 Rh7 73. Kd4 Rh6 74. Kd3 Rh8 75. Ke4 Kb6 76. Kd4 Rh6 77. Rg5 Kc6 78. Rc5+ Kb6 79. Rf5 Kc6 80. Kc3 Rh8 81. Kb4 Rb8+ 82. Rb5 Rh8 83. Rc5+ Kb6 84. h3 Rh6 85. Ra5 Kb7 86. Rb5+ Kc7 87. Rc5+ Kb6 88. Ra5 Kb7 89. Kc3 Rh7 90. Kd4 Rh6 91. Rc5 Kb6 92. Rd5 Kc6 93. Rc5+ Kb6 94. Re5 Kc6 95. Ke4 Rh8 96. Rf5 Kd7 97. Kd5 Rh7 98. Rg5 Kc7 99. Kc5 Kc8 100. Kd4 Kc7 101. Rf5 Kd7 102. Kd5 Rh6 103. Rg5 Rh7 104. Kc5 Kc8 105. Kd4 Kc7 106. Rf5 Kd7 107. Kd5 Rh6 108. c5 Kd8 109. Ke5 Ke7 110. Kd5 Kd8 111. Ke4 Kc7 112. Kf4 Rh8 113. Kg5 Kd7 114. Re5 Kc6 115. Kg6 Rg8+ 116. Kxh5 Kb5 117. Rg5 Rh8+ 118. Kg4 Kc4 119. h5 Kb5 120. h4 Kc6 121. Rf5 Rg8+ 122. Rg5 Rh8 123. Rf5 Rg8+ 124. Kf4 Rh8 125. Re5 Kb5 126. Kg5 Rg8+ 127. Kf4 Rh8 128. Kg5 Rg8+ 129. Kf6 Rg4 130. h6 Rxh4 1-0

[Event "TCEC Season 22 - Qualification League"]
[Site "https://tcec-chess.com"]
[Date "2022.01.30"]
[Round "5.4"]
[White "Cheese 3.0.1"]
[Black "Chiron 5.01"]
[Result "0-1"]
[ECO "D12"]
[WhiteElo "3031"]
[BlackElo "3417"]
[Annotator "NA"]
[PlyCount "120"]
[EventDate "2022.??.??"]
[SourceTitle "playchess.com"]
[Source "ChessBase"]
[SourceQuality "1"]
[TimeControl "1800+5"]

1. Nf3 d5 2. d4 Nf6 3. c4 c6 4. e3 Bf5 5. Nc3 e6 6. Nh4 Be4 7. f3 Bg6 8. Bd2 dxc4 9. Bxc4 a6 10. Rc1 c5 11. Qb3 b5 12. Nxb5 axb5 13. Bxb5+ Nbd7 14. dxc5 Qc7 15. Nxg6 hxg6 16. Qc4 Be7 17. f4 O-O 18. b4 Ra3 19. Rc3 Rxc3 20. Bxc3 Nd5 21. Bd4 g5 22. O-O Rd8 23. g3 gxf4 24. gxf4 Nf8 25. Ba4 Nb6 26. Qb3 Nxa4 27. Qxa4 Ng6 28. Qb5 Nxf4 29. Rxf4 e5 30. Re4 exd4 31. exd4 f5 32. Re5 Bf6 33. Re8+ Kh7 34. Rxd8 Qxd8 35. Qd3 Qd5 36. a4 g6 37. Kf2 f4 38. Qf3 Qxd4+ 39. Kf1 Qc4+ 40. Kg2 Qxb4 41. c6 Qxa4 42. Qh3+ Kg8 43. Qe6+ Kg7 44. Kf3 Qd1+ 45. Kxf4 Qd4+ 46. Kf3 Be5 47. Ke2 Bxh2 48. Qc8 Bf4 49. Qb7+ Kf6 50. Qa6 Qe3+ 51. Kf1 Bg3 52. Qa1+ Kg5 53. Qa5+ Kg4 54. Qa2 Qe1+ 55. Kg2 Qe4+ 56. Kf1 Kh3 57. Qd2 Qf3+ 58. Kg1 Bf4 59. Qd7+ Kg3 60. Qh3+ Kxh3 0-1

[Event "TCEC Season 22 - Qualification League"]
[Site "https://tcec-chess.com"]
[Date "2022.01.30"]
[Round "5.7"]
[White "Velvet 3.1.3"]
[Black "BlackMarlin 5.0dev3"]
[Result "1/2-1/2"]
[ECO "D37"]
[WhiteElo "3216"]
[BlackElo "3356"]
[Annotator "NA"]
[PlyCount "149"]
[EventDate "2022.??.??"]
[SourceTitle "playchess.com"]
[Source "ChessBase"]
[SourceQuality "1"]
[TimeControl "1800+5"]

1. d4 Nf6 2. c4 e6 3. Nf3 d5 4. Nc3 a6 5. Bg5 Be7 6. cxd5 exd5 7. e3 h6 8. Bh4 O-O 9. Bd3 Be6 10. O-O Nbd7 11. a3 Re8 12. h3 Bd6 13. Rc1 c6 14. Nh2 Nb6 15. f4 Be7 16. f5 Bd7 17. Qc2 Rc8 18. b4 Ra8 19. Nf3 a5 20. Ne5 axb4 21. axb4 Nh5 22. Bxe7 Qxe7 23. Qd1 Nf6 24. Qb3 Ra7 25. e4 Rea8 26. exd5 Ra3 27. Qb2 cxd5 28. Rfe1 Nh5 29. g4 Nf6 30. h4 Nh7 31. Nf3 Qd6 32. Ne5 Be8 33. Kh1 Nc4 34. Bxc4 dxc4 35. Qd2 b5 36. d5 Rd8 37. Qe3 Nf6 38. Qc5 Qxc5 39. bxc5 b4 40. Nb1 Ra2 41. c6 Nxd5 42. Rxc4 Rc8 43. Rc5 f6 44. Ng6 Bxg6 45. fxg6 Nf4 46. c7 Nxg6 47. Rd1 Nf8 48. Rd8 Raa8 49. Rxc8 Rxc8 50. Kg2 Kf7 51. Kg3 Ne6 52. Rb5 Rxc7 53. Rxb4 Rd7 54. Kf2 Nc5 55. Ke2 Re7+ 56. Kf3 Nd3 57. Rd4 Ne5+ 58. Kg3 Rc7 59. Nd2 Ke6 60. Ne4 Rc1 61. Nf2 g5 62. hxg5 hxg5 63. Rd8 Kf7 64. Ra8 Rc4 65. Rb8 Rd4 66. Ra8 Kg7 67. Rb8 Kf7 68. Ra8 Kg7 69. Rb8 Rf4 70. Ra8 Kf7 71. Ra7+ Ke6 72. Rg7 Nd7 73. Nh3 Rc4 74. Nxg5+ fxg5 75. Rxg5 1/2-1/2

[Event "TCEC Season 22 - Qualification League"]
[Site "https://tcec-chess.com"]
[Date "2022.01.30"]
[Round "6.3"]
[White "Mantissa 3.3.0"]
[Black "Bit-Genie 9.23"]
[Result "1/2-1/2"]
[ECO "C02"]
[WhiteElo "3289"]
[BlackElo "3305"]
[Annotator "NA"]
[PlyCount "170"]
[EventDate "2022.??.??"]
[SourceTitle "playchess.com"]
[Source "ChessBase"]
[SourceQuality "1"]
[TimeControl "1800+5"]

1. e4 e6 2. d4 d5 3. e5 c5 4. c3 Nc6 5. Nf3 Nge7 6. Bd3 cxd4 7. cxd4 Nf5 8. Bc2 Qb6 9. Bxf5 exf5 10. Nc3 Be6 11. O-O h6 12. Ne2 Be7 13. h4 Rc8 14. h5 O-O 15. Rb1 Rc7 16. Bd2 Rfc8 17. a3 Na5 18. Bxa5 Qxa5 19. Qd3 Bg5 20. Nxg5 hxg5 21. f4 g4 22. Rfd1 Bd7 23. Nc3 Rc4 24. Rd2 Rxc3 25. bxc3 Rxc3 26. Qe2 b5 27. Ra1 Rxa3 28. Rxa3 Qxa3 29. Ra2 Qc1+ 30. Qf1 Qc3 31. Rxa7 Be6 32. Kh2 Qxd4 33. Ra2 Kh7 34. Qf2 Qc3 35. Qd2 Qc5 36. Qf2 Qc6 37. Rc2 Qd7 38. Qc5 Qd8 39. g3 Qa5 40. Rb2 d4 41. Qxd4 Qa1 42. Rd2 Qc1 43. Rd1 Qa3 44. Qa1 Qe3 45. Qb2 Qf3 46. Qc2 Kh6 47. Rd6 Kxh5 48. Qc6 Qe2+ 49. Qg2 Qe1 50. Qa8 Qf2+ 51. Qg2 Qa7 52. Qh1 Kg6 53. Kg2 Qa2+ 54. Kg1 Qa3 55. Kg2 Qf3+ 56. Kh2 Qf2+ 57. Qg2 Qe3 58. Qg1 Qc3 59. Qb6 Qc2+ 60. Kg1 Qe4 61. Qxb5 Qe3+ 62. Kh1 Qf3+ 63. Kh2 Qf2+ 64. Kh1 Kh7 65. Qd3 Bc8 66. Qb3 Ba6 67. Qb1 Qf3+ 68. Kh2 Qe2+ 69. Kg1 g6 70. Qc1 Bd3 71. e6 Qf3 72. Qe1 Be4 73. Rd2 fxe6 74. Kh2 g5 75. Rf2 Qa3 76. fxg5 Kg6 77. Re2 Qd3 78. Re3 Qc2+ 79. Re2 Qc4 80. Qd2 Qc7 81. Qe3 Qh7+ 82. Kg1 Qh1+ 83. Kf2 Qh8 84. Kg1 Bd5 85. Rh2 Qa1+ 1/2-1/2

[Event "TCEC Season 22 - Qualification League"]
[Site "https://tcec-chess.com"]
[Date "2022.01.30"]
[Round "6.4"]
[White "Chiron 5.01"]
[Black "Zahak 9.0"]
[Result "1/2-1/2"]
[ECO "B52"]
[WhiteElo "3417"]
[BlackElo "3332"]
[Annotator "NA"]
[PlyCount "87"]
[EventDate "2022.??.??"]
[SourceTitle "playchess.com"]
[Source "ChessBase"]
[SourceQuality "1"]
[TimeControl "1800+5"]

1. e4 c5 2. Nf3 d6 3. Bb5+ Bd7 4. Bxd7+ Qxd7 5. O-O Nf6 6. Re1 e6 7. c3 Nc6 8. d4 cxd4 9. cxd4 d5 10. e5 Ne4 11. Nbd2 Nxd2 12. Bxd2 Be7 13. Re3 a5 14. Rd3 O-O 15. Rc1 a4 16. Rdc3 Qd8 17. Be3 Qb6 18. Qc2 Na5 19. Bg5 Qd8 20. Bxe7 Qxe7 21. Qxa4 Nc4 22. Qb3 b5 23. R3c2 Rfb8 24. Ra1 b4 25. g3 Ra6 26. Rac1 Raa8 27. Kg2 h6 28. h4 Ra7 29. Nd2 Qb7 30. h5 Qa8 31. Ra1 Ra6 32. Kh3 Nxd2 33. Rxd2 Qa7 34. f4 Ra8 35. Qxb4 Rxa2 36. Rc1 Ra1 37. Qc3 Rxc1 38. Qxc1 Rb8 39. Kg2 Rb4 40. Qc8+ Kh7 41. Qc3 Qb6 42. Kh3 Qb5 43. Kh2 Qb7 44. Kg1 1/2-1/2

[Event "TCEC Season 22 - Qualification League"]
[Site "https://tcec-chess.com"]
[Date "2022.01.30"]
[Round "6.5"]
[White "ChessFighter 3.10.1"]
[Black "Cheese 3.0.1"]
[Result "1/2-1/2"]
[ECO "C11"]
[WhiteElo "3242"]
[BlackElo "3031"]
[Annotator "NA"]
[PlyCount "94"]
[EventDate "2022.??.??"]
[SourceTitle "playchess.com"]
[Source "ChessBase"]
[SourceQuality "1"]
[TimeControl "1800+5"]

1. e4 e6 2. d4 d5 3. Nc3 Nf6 4. e5 Nfd7 5. Nce2 c5 6. f4 Nc6 7. Nf3 Be7 8. c3 O-O 9. a3 a5 10. Ng3 Qb6 11. Bd3 cxd4 12. cxd4 f6 13. Qc2 Kh8 14. Ne2 fxe5 15. dxe5 h6 16. Qc3 Bc5 17. Rf1 Rd8 18. g4 d4 19. Qc2 Bf8 20. g5 Nc5 21. Rg1 Bd7 22. gxh6 gxh6 23. Nfxd4 Nxd4 24. Nxd4 Nxd3+ 25. Qxd3 Be8 26. Be3 Rac8 27. Qd2 Be7 28. Qg2 Bh4+ 29. Kf1 Bb5+ 30. Ne2 Qc7 31. Qg4 Bxe2+ 32. Qxe2 Qh7 33. Rg2 Rg8 34. Rd1 Rxg2 35. Qxg2 Rg8 36. Qf3 Qc2 37. Rd2 Qc4+ 38. Qe2 Qe4 39. Qh5 Qh1+ 40. Ke2 Qe1+ 41. Kf3 Qh1+ 42. Ke2 Qe1+ 43. Kd3 Qf1+ 44. Ke4 Qh1+ 45. Kd3 Qf1+ 46. Ke4 Qh1+ 47. Kd3 Qf1+ 1/2-1/2

[Event "TCEC Season 22 - Qualification League"]
[Site "https://tcec-chess.com"]
[Date "2022.01.30"]
[Round "6.7"]
[White "Invictus r391b"]
[Black "Bagatur 3.2-fix"]
[Result "1-0"]
[ECO "B84"]
[WhiteElo "3251"]
[BlackElo "3095"]
[Annotator "NA"]
[PlyCount "89"]
[EventDate "2022.??.??"]
[SourceTitle "playchess.com"]
[Source "ChessBase"]
[SourceQuality "1"]
[TimeControl "1800+5"]

1. e4 c5 2. Nf3 d6 3. d4 cxd4 4. Nxd4 Nf6 5. Nc3 a6 6. Be2 Nbd7 7. O-O e6 8. a4 b6 9. f4 Bb7 10. Bf3 Qc7 11. Qe2 Rc8 12. Rd1 e5 13. Nf5 g6 14. fxe5 dxe5 15. Nh6 Bb4 16. Bd2 Qc4 17. Qe1 a5 18. Nb5 Be7 19. Bg5 Bc6 20. Kh1 Bxb5 21. axb5 Qe6 22. c3 Qb3 23. Qh4 Qe6 24. b4 Bd8 25. Be2 Rf8 26. bxa5 bxa5 27. b6 Qxb6 28. Rab1 Qc7 29. Bb5 Rb8 30. c4 Rb6 31. Rb2 a4 32. Rbd2 Rxb5 33. cxb5 Qc8 34. Ng4 Nxg4 35. Bxd8 Qxd8 36. Qxg4 f5 37. exf5 Rxf5 38. Qc4 a3 39. b6 Rf4 40. Qg8+ Rf8 41. Rxd7 Qxd7 42. Qxf8+ Kxf8 43. Rxd7 Kg8 44. b7 Kf8 45. b8=Q# 1-0

[Event "TCEC Season 22 - Qualification League"]
[Site "https://tcec-chess.com"]
[Date "2022.01.30"]
[Round "7.1"]
[White "Bagatur 3.2-fix"]
[Black "Asymptote 0.9-dev_20220126"]
[Result "1/2-1/2"]
[ECO "E20"]
[WhiteElo "3095"]
[BlackElo "3226"]
[Annotator "NA"]
[PlyCount "111"]
[EventDate "2022.??.??"]
[SourceTitle "playchess.com"]
[Source "ChessBase"]
[SourceQuality "1"]
[TimeControl "1800+5"]

1. d4 Nf6 2. c4 e6 3. Nc3 Bb4 4. Bd2 c5 5. e3 O-O 6. a3 Bxc3 7. Bxc3 Ne4 8. Ne2 b6 9. dxc5 bxc5 10. Qc2 Bb7 11. Ng3 Nxc3 12. Qxc3 Qh4 13. h3 g6 14. Rd1 a5 15. Qe5 Qe7 16. h4 Rd8 17. Qf4 d5 18. Be2 d4 19. Bf3 e5 20. Qg5 Qxg5 21. hxg5 Bxf3 22. gxf3 Nd7 23. Ne4 Kg7 24. Rb1 a4 25. Ke2 Rab8 26. Rhd1 Rdc8 27. b3 axb3 28. Rb2 h5 29. gxh6+ Kxh6 30. Ra1 Kg7 31. Nd2 Ra8 32. a4 dxe3 33. Kxe3 Nf8 34. Rxb3 Ne6 35. Kd3 Rc6 36. a5 Nd4 37. Rb5 Rd8 38. Kc3 Rcd6 39. Ne4 Nxb5+ 40. cxb5 Rd4 41. Kc2 f5 42. Nc3 Rd2+ 43. Kb3 Rxf2 44. a6 c4+ 45. Kxc4 Rc8+ 46. Kb4 Rb2+ 47. Ka3 Rd2 48. Na4 e4 49. fxe4 fxe4 50. a7 Ra8 51. b6 Rd7 52. Kb4 Rb7 53. Kc5 Raxa7 54. bxa7 Rxa7 55. Kd4 e3 56. Kxe3 1/2-1/2

[Event "TCEC Season 22 - Qualification League"]
[Site "https://tcec-chess.com"]
[Date "2022.01.31"]
[Round "8.1"]
[White "Asymptote 0.9-dev_20220126"]
[Black "Counter 4.0"]
[Result "1/2-1/2"]
[ECO "D30"]
[WhiteElo "3226"]
[BlackElo "3300"]
[Annotator "NA RC"]
[PlyCount "79"]
[EventDate "2022.??.??"]
[SourceTitle "playchess.com"]
[Source "ChessBase"]
[SourceQuality "1"]
[TimeControl "1800+5"]

1. d4 d5 2. c4 e6 3. Nf3 c5 4. Nc3 cxd4 5. Nxd4 Nf6 6. cxd5 Nxd5 7. Bd2 Bb4 8. Nxd5 Bxd2+ 9. Qxd2 Qxd5 10. Nf3 Qxd2+ 11. Kxd2 Ke7 12. e4 Nc6 13. Rc1 Bd7 14. h4 Rac8 15. Bd3 e5 16. Ke3 Rhd8 17. Rc5 f6 18. a3 h5 19. Rhc1 a6 20. b4 g6 21. R5c3 b5 22. g3 Kd6 23. Bf1 Be6 24. Be2 Rg8 25. Rc5 Na7 26. Ne1 Rxc5 27. Rxc5 Nc6 28. f4 Rd8 29. Nf3 Rc8 30. fxe5+ Nxe5 31. Kf4 Nc6 32. Ke3 Bg4 33. Rd5+ Kc7 34. Bd3 Bxf3 35. Kxf3 Ne5+ 36. Ke3 Kb7 37. Kd2 Rc6 38. Be2 Kb6 39. Rd8 Kc7 40. Rd5 1/2-1/2

[Event "TCEC Season 22 - Qualification League"]
[Site "https://tcec-chess.com"]
[Date "2022.01.31"]
[Round "8.2"]
[White "Mantissa 3.3.0"]
[Black "BlackMarlin 5.0dev3"]
[Result "1/2-1/2"]
[ECO "D38"]
[WhiteElo "3289"]
[BlackElo "3356"]
[Annotator "NA RC"]
[PlyCount "107"]
[EventDate "2022.??.??"]
[SourceTitle "playchess.com"]
[Source "ChessBase"]
[SourceQuality "1"]
[TimeControl "1800+5"]

1. d4 d5 2. c4 e6 3. Nf3 Nf6 4. Nc3 Bb4 5. Bg5 O-O 6. e3 c5 7. cxd5 exd5 8. Be2 Be6 9. O-O Nbd7 10. Bxf6 Nxf6 11. dxc5 Bxc5 12. Rc1 Rc8 13. Nd4 a6 14. Bf3 Qd6 15. Nxe6 fxe6 16. Ne2 e5 17. g3 Rcd8 18. Bg2 Ba7 19. Qb3 Rf7 20. Nc3 e4 21. Bh3 g5 22. Rfd1 Qe5 23. Ne2 g4 24. Bf1 Qf5 25. Nf4 Kg7 26. a4 h5 27. h4 Bb8 28. Rc5 Ba7 29. Rc2 Bb8 30. Qb6 Rd6 31. Qb4 Rdd7 32. a5 Be5 33. Ne2 Rc7 34. Rdc1 Qc8 35. Qd2 Rxc2 36. Rxc2 Rc7 37. Rxc7+ Qxc7 38. b4 Kf7 39. Nd4 Kg6 40. Kg2 b5 41. axb6 Qxb6 42. Be2 Kf7 43. b5 Bxd4 44. Qxd4 Qxd4 45. exd4 axb5 46. Bxb5 Ne8 47. Bc6 Nc7 48. Kf1 Ke6 49. Ke2 Kf6 50. Bb7 Kf5 51. Ke3 Kf6 52. Bc6 Kf7 53. Kf4 Kf6 54. Bd7 1/2-1/2

[Event "TCEC Season 22 - Qualification League"]
[Site "https://tcec-chess.com"]
[Date "2022.01.31"]
[Round "8.4"]
[White "ChessFighter 3.10.1"]
[Black "Bit-Genie 9.23"]
[Result "1/2-1/2"]
[ECO "C11"]
[WhiteElo "3242"]
[BlackElo "3305"]
[Annotator "NA RC"]
[PlyCount "87"]
[EventDate "2022.??.??"]
[SourceTitle "playchess.com"]
[Source "ChessBase"]
[SourceQuality "1"]
[TimeControl "1800+5"]

1. e4 e6 2. d4 d5 3. Nc3 Nf6 4. e5 Nfd7 5. Nce2 c5 6. f4 Be7 7. Nf3 O-O 8. c3 Nc6 9. h4 b5 10. Ng5 b4 11. Qd3 f5 12. Qf3 Re8 13. g4 bxc3 14. bxc3 cxd4 15. gxf5 Nf8 16. cxd4 Ba6 17. fxe6 Bxe2 18. Bxe2 Nxd4 19. Qd3 Bb4+ 20. Kf1 Nxe2 21. Kxe2 h6 22. Rb1 hxg5 23. hxg5 Qa5 24. f5 Rac8 25. a3 d4 26. Qh3 Nxe6 27. Qh8+ Kf7 28. g6+ Ke7 29. Qh4+ Kd7 30. fxe6+ Rxe6 31. Qxd4+ Bd6 32. Bf4 Qa6+ 33. Kd2 Rc5 34. Rhc1 Qa5+ 35. Ke3 Rcxe5+ 36. Bxe5 Rxe5+ 37. Kf2 Rf5+ 38. Ke2 Re5+ 39. Kf3 Rf5+ 40. Ke3 Re5+ 41. Kf2 Rf5+ 42. Ke2 Re5+ 43. Kf3 Rf5+ 44. Ke3 1/2-1/2

[Event "TCEC Season 22 - Qualification League"]
[Site "https://tcec-chess.com"]
[Date "2022.01.31"]
[Round "9.1"]
[White "tomitankChess 5.1"]
[Black "Asymptote 0.9-dev_20220126"]
[Result "*"]
[ECO "A40"]
[WhiteElo "3008"]
[BlackElo "3226"]
[Annotator "NA RC"]
[PlyCount "63"]
[EventDate "2022.??.??"]
[SourceTitle "playchess.com"]
[Source "ChessBase"]
[SourceQuality "1"]
[TimeControl "1800+5"]

1. d4 d5 2. c4 e6 3. Nf3 a6 4. cxd5 exd5 5. Nc3 Be6 6. Bg5 Nf6 7. e3 Nbd7 8. Bd3 Bd6 9. O-O O-O 10. h3 Rc8 11. Bf4 Qe7 12. Rc1 c5 13. Bb1 cxd4 14. Qxd4 Bc5 15. Qd3 g6 16. Rfd1 Kg7 17. a3 Rfd8 18. Ba2 h6 19. b4 Ba7 20. Nd4 Bb8 21. Bxb8 Nxb8 22. Nce2 Rxc1 23. Rxc1 Qd6 24. Nf4 Bd7 25. Bb1 Kf8 26. b5 axb5 27. Rd1 b4 28. axb4 Qxb4 29. Bc2 Bc8 30. Ra1 Qd6 31. Nxg6+ fxg6 32. Qxg6 *

[Event "TCEC Season 22 - Qualification League"]
[Site "https://tcec-chess.com"]
[Date "2022.01.31"]
[Round "10.3"]
[White "ChessFighter 3.10.1"]
[Black "BlackMarlin 5.0dev3"]
[Result "1/2-1/2"]
[ECO "B31"]
[WhiteElo "3242"]
[BlackElo "3356"]
[Annotator "NA RC"]
[PlyCount "229"]
[EventDate "2022.??.??"]
[SourceTitle "playchess.com"]
[Source "ChessBase"]
[SourceQuality "1"]
[TimeControl "1800+5"]

1. e4 c5 2. Nf3 Nc6 3. Bb5 g6 4. O-O Bg7 5. Nc3 e5 6. a3 Nge7 7. b4 d6 8. bxc5 dxc5 9. d3 O-O 10. Bc4 Na5 11. Ba2 h6 12. a4 b6 13. Re1 Nac6 14. Bc4 Na5 15. Ba2 Nec6 16. Bd2 Qd6 17. Nd5 Bd7 18. h4 Rad8 19. h5 gxh5 20. Ne3 Qf6 21. g3 Nb4 22. Nh4 Be6 23. Bb1 Nbc6 24. Ba2 Nb4 25. Bb1 Kh7 26. Kg2 Nbc6 27. Rh1 c4 28. Nhf5 cxd3 29. Rxh5 Bxf5 30. Nxf5 dxc2 31. Bxc2 Ne7 32. Qe2 Nxf5 33. Rxf5 Qe6 34. Bxa5 bxa5 35. Qf3 Qa6 36. Re1 Rd6 37. Bb3 Rd3 38. Qe2 Rd6 39. Qxa6 Rxa6 40. Rc1 f6 41. Rc7 Rb6 42. Rf3 Rfb8 43. Bd5 a6 44. Rfc3 Kg6 45. Rc1 Bf8 46. Bf7+ Kh7 47. Bh5+ Kg8 48. Bf7+ Kh7 49. Be6+ Kh8 50. Bd5 Bd6 51. Ra7 Re8 52. Rf7 Rf8 53. Ra7 Re8 54. Rf7 Rf8 55. Rd7 Re8 56. Kh3 Re7 57. Rxe7 Bxe7 58. Rc7 Bd6 59. Rf7 Bc5 60. f4 exf4 61. gxf4 Bd4 62. Kg4 Rb1 63. Kh5 Rh1+ 64. Kg6 Rg1+ 65. Kh5 Rh1+ 66. Kg6 Rg1+ 67. Kxh6 Rh1+ 68. Kg6 Rg1+ 69. Kh6 Rh1+ 70. Kg6 Rg1+ 71. Kf5 Rf1 72. Bc4 Rf2 73. Kg6 Rg2+ 74. Kh6 Rh2+ 75. Kg6 Rg2+ 76. Kf5 Rf2 77. Be6 Be5 78. Kg6 Rg2+ 79. Kf5 Rf2 80. Ra7 Rf3 81. Rb7 Rf1 82. Rd7 Rf3 83. Ra7 Rf1 84. Rb7 Rf2 85. Rd7 Rf1 86. Ra7 Rf3 87. Rb7 Rf1 88. Rd7 Rf3 89. Rd5 Kg7 90. Rxe5 fxe5 91. Kxe5 Ra3 92. Bd7 Kf7 93. f5 Ke7 94. Bc6 Kf7 95. Kf4 Ke7 96. e5 Ra1 97. Ke3 Re1+ 98. Kf4 Ra1 99. Ke4 Re1+ 100. Kd4 Rd1+ 101. Kc5 Rc1+ 102. Kd5 Rd1+ 103. Ke4 Re1+ 104. Kd4 Rd1+ 105. Kc5 Rc1+ 106. Kb6 Re1 107. f6+ Ke6 108. Be8 Rxe5 109. f7 Ke7 110. Kxa6 Rf5 111. Kb6 Re5 112. Ka6 Rf5 113. Kb6 Re5 114. Bb5 Re6+ 115. Kxa5 1/2-1/2

[Event "TCEC Season 22 - Qualification League"]
[Site "https://tcec-chess.com"]
[Date "2022.02.01"]
[Round "10.5"]
[White "Invictus r391b"]
[Black "Bit-Genie 9.23"]
[Result "0-1"]
[ECO "C11"]
[WhiteElo "3251"]
[BlackElo "3305"]
[Annotator "NA RC"]
[PlyCount "126"]
[EventDate "2022.??.??"]
[SourceTitle "playchess.com"]
[Source "ChessBase"]
[SourceQuality "1"]
[TimeControl "1800+5"]

1. e4 e6 2. Nc3 d5 3. d4 Nf6 4. e5 Nfd7 5. f4 c5 6. Nf3 Be7 7. Be3 Nc6 8. Qd2 a6 9. dxc5 Nxc5 10. g3 Qa5 11. Bg2 b5 12. O-O b4 13. Nd1 Bb7 14. Nf2 Rd8 15. Rfd1 O-O 16. Qe1 Na4 17. Nd3 Qc7 18. Nd4 Rc8 19. Rac1 a5 20. Ne2 Rfd8 21. Bf2 Ba6 22. Qd2 d4 23. Qe1 Qb6 24. Rd2 Nc5 25. Nxc5 Bxc5 26. Rcd1 a4 27. b3 a3 28. Bf3 Rd7 29. Kg2 h6 30. Qg1 Ne7 31. c4 bxc3 32. Nxc3 Qa5 33. Ne4 Bb4 34. Rxd4 Rxd4 35. Rxd4 Nf5 36. Rxb4 Qxb4 37. Bc5 Qb5 38. b4 Qd3 39. Qf2 Qb1 40. Kh3 h5 41. Nd6 Bf1+ 42. Bg2 Nxd6 43. Bxf1 Ne4 44. Qf3 g5 45. Qd3 Qxd3 46. Bxd3 Nxc5 47. bxc5 gxf4 48. gxf4 Rxc5 49. Kh4 Rc3 50. Bb1 Rc1 51. Bd3 Rd1 52. Bc4 Rd4 53. Ba6 Rxf4+ 54. Kxh5 Rf3 55. Bb5 Rf5+ 56. Kh6 Rxe5 57. Bf1 Re3 58. h4 Rc3 59. h5 Rc2 60. Kg5 Rxa2 61. Bc4 Rg2+ 62. Kf6 a2 63. Bxa2 Rxa2 0-1

[Event "TCEC Season 22 - Qualification League"]
[Site "https://tcec-chess.com"]
[Date "2022.02.01"]
[Round "11.2"]
[White "Zahak 9.0"]
[Black "tomitankChess 5.1"]
[Result "1-0"]
[ECO "C58"]
[WhiteElo "3332"]
[BlackElo "3008"]
[Annotator "NA RC"]
[PlyCount "138"]
[EventDate "2022.??.??"]
[SourceTitle "playchess.com"]
[Source "ChessBase"]
[SourceQuality "1"]
[TimeControl "1800+5"]

1. e4 e5 2. Nf3 Nc6 3. Bc4 Nf6 4. Ng5 d5 5. exd5 Na5 6. Bb5+ c6 7. dxc6 bxc6 8. Qf3 Be7 9. Bxc6+ Nxc6 10. Qxc6+ Bd7 11. Qf3 O-O 12. d3 Ng4 13. Nh3 Rc8 14. Nc3 Bc5 15. O-O h6 16. Qe2 f5 17. Kh1 Bd4 18. f3 Nf6 19. Nf2 Re8 20. Nfd1 f4 21. Bd2 a5 22. Be1 a4 23. Rc1 Kh8 24. Qd2 Qe7 25. Ne2 Bc5 26. b4 axb3 27. axb3 Nd5 28. Bf2 Bxf2 29. Rxf2 Qa3 30. Rb1 Qc5 31. c4 Nb4 32. Nc1 Bf5 33. Re2 Ra8 34. Nf2 Reb8 35. h3 Ra5 36. Qc3 Nc6 37. Qe1 Nb4 38. Kh2 Kh7 39. Ng4 Bxg4 40. hxg4 Kg8 41. Re4 Nc2 42. Qc3 Nd4 43. Qd2 Qb4 44. Qd1 Qc5 45. Qd2 Qb4 46. Qe1 Qxe1 47. Rxe1 Nc6 48. Kg1 Kf7 49. Kf2 Kf6 50. Re2 Raa8 51. Ke1 Nd4 52. Reb2 h5 53. gxh5 Rh8 54. b4 Rxh5 55. b5 Rh2 56. b6 Ke7 57. Kf2 Rh1 58. Nb3 Rxb1 59. Rxb1 Kd6 60. Nxd4 exd4 61. g3 Kc6 62. b7 fxg3+ 63. Kxg3 Rb8 64. Kh4 Rxb7 65. Rxb7 Kxb7 66. Kg5 Kc6 67. f4 Kc5 68. f5 Kb4 69. c5 Kxc5 1-0

[Event "TCEC Season 22 - Qualification League"]
[Site "https://tcec-chess.com"]
[Date "2022.02.01"]
[Round "11.4"]
[White "Velvet 3.1.3"]
[Black "Invictus r391b"]
[Result "1/2-1/2"]
[ECO "C45"]
[WhiteElo "3216"]
[BlackElo "3251"]
[Annotator "NA RC"]
[PlyCount "156"]
[EventDate "2022.??.??"]
[SourceTitle "playchess.com"]
[Source "ChessBase"]
[SourceQuality "1"]
[TimeControl "1800+5"]

1. e4 e5 2. Nf3 Nc6 3. d4 exd4 4. Nxd4 Bc5 5. Be3 Qf6 6. c3 Nge7 7. g3 d5 8. Bg2 dxe4 9. Nd2 Bxd4 10. cxd4 Bf5 11. Nxe4 Bxe4 12. Bxe4 O-O-O 13. Qb3 Nf5 14. d5 Ncd4 15. Bxd4 Nxd4 16. Qd3 Ne6 17. Rc1 Ng5 18. O-O Nxe4 19. Qxe4 Kb8 20. Qc4 Qd6 21. Rfe1 Rhe8 22. Rxe8 Rxe8 23. h4 a6 24. Rd1 Rd8 25. b4 c6 26. Rd4 cxd5 27. Qd3 g6 28. a4 h5 29. b5 Ka7 30. bxa6 Qxa6 31. Qd2 Qd6 32. Qe3 Qc5 33. Qe5 b6 34. Qf4 Rd7 35. Qf6 Qc7 36. Qg5 Qc6 37. Qe5 Qd6 38. Qg5 Kb7 39. Qd2 Qc5 40. Qf4 Qc6 41. Qg5 Qc3 42. Qe5 Qa3 43. Qf6 Qd6 44. Qg5 Qe6 45. Qd2 f5 46. Rb4 Qe5 47. Rd4 Rd8 48. Qb4 Qc7 49. Qa3 Qc5 50. Qd3 Rd7 51. Qd2 Ka6 52. Qd3+ Ka7 53. Qd2 Rd6 54. Qd3 Qc6 55. Qb3 Rd8 56. Qb4 Re8 57. Qd2 Re5 58. a5 b5 59. Rd3 Qd6 60. a6 Qe7 61. Qa5 Re1+ 62. Kg2 Qe4+ 63. Rf3 d4 64. Qxb5 Rb1 65. Qd7+ Kxa6 66. Qc8+ Rb7 67. Qc5 Rb6 68. Qc4+ Rb5 69. Qc8+ Ka5 70. Qc7+ Kb4 71. Qd6+ Kc4 72. Qc7+ Rc5 73. Qa7 Rc6 74. Qa4+ Kc5 75. Qa3+ Kd5 76. Qa8 Ke5 77. Qe8+ Re6 78. Qb8+ Kf6 1/2-1/2